 Dungeon Crawl Stone Soup version 0.16.0-8-gd9ae3a8 (webtiles) character file.

889 Sorcv the Covert (level 8, -1/36 HPs)
             Began as a Kobold Enchanter on Mar 16, 2015.
             Shot with an arrow by a centaur (6 damage)
             ... on level 5 of the Dungeon.
             The game lasted 00:19:30 (3128 turns).

Sorcv the Covert (Kobold Enchanter)                 Turns: 3128, Time: 00:19:30

Health: -1/36      AC:  8    Str: 10    XL:     8   Next: 27%
Magic:  4/22       EV: 23    Int: 13    God:
Gold:   3          SH:  0    Dex: 30    Spells: 4 memorised, 2 levels left

rFire  + . .     SeeInvis .     y - +3 short sword of Fedhas' Esteem {drain, rPois rF+ rC- MP+9 Dex+7}
rCold  x . .     Clarity  .     g - +2 robe {MR+}
rNeg   + . .     SustAb   .     (no shield)
rPois  +         Gourm    .     k - +1 helmet
rElec  .         Spirit   .     (no cloak)
rCorr  .         Warding  +     (no gloves)
rMut   .         Stasis   .     (no boots)
MR     +....                    l - amulet of warding
Stlth  +++++++...               z - +3 ring of strength
                                w - ring of wizardry

@: agile, very slightly contaminated, somewhat resistant to hostile
enchantments, extremely stealthy
A: thin metallic scales 1, carnivore 3, frail 1, poison resistance
a: no special abilities


You were on level 5 of the Dungeon.
You were not hungry.

You visited 1 branch of the dungeon, and saw 7 of its levels.

You collected 271 gold pieces.
You spent 268 gold pieces at shops.

Inventory:

Hand weapons
 a - a +2 dagger
 y - the +3 short sword of Fedhas' Esteem (weapon) {drain, rPois rF+ rC- MP+9 Dex+7}
   (You bought it in a shop on level 4 of the Dungeon)

   A truly terrible weapon, it drains the life of those it strikes.
   It affects your dexterity (+7).
   It protects you from fire.
   It makes you vulnerable to cold.
   It protects you from poison.
   It affects your magic capacity (+9).
Armour
 b - a +1 robe
 g - a +2 robe of magic resistance (worn)
 k - a +1 helmet (worn)
Jewellery
 f - an uncursed ring of positive energy
 l - an amulet of warding (around neck)
 o - an uncursed amulet of clarity
 s - an uncursed ring of poison resistance
 w - a ring of wizardry (left hand)
 z - a +3 ring of strength (right hand)
Magical devices
 q - a wand of magic darts (29)
 r - a wand of lightning (8)
 u - a wand of heal wounds (1)
 v - a wand of digging (6)
 x - a wand of flame (26)
Scrolls
 e - 2 scrolls of enchant armour
 h - 5 scrolls of remove curse
 m - 3 scrolls of identify
 p - a scroll of enchant weapon
 t - 2 scrolls of teleportation
 B - a scroll of brand weapon
 C - a scroll of amnesia
Potions
 i - 2 potions of curing
 n - a potion of lignification
 A - a potion of flight {unknown}
Books
 c - a book of Maledictions

   Spells                             Type                      Level
   a - Corona                         Hexes                        1
   b - Sure Blade                     Hexes/Charms                 2
   c - Ensorcelled Hibernation        Hexes/Ice                    2
   d - Confuse                        Hexes                        3
   e - Dazzling Spray                 Conjuration/Hexes            3
   f - Enslavement                    Hexes                        4
Comestibles
 d - 5 meat rations


   Skills:
 + Level 2.1 Short Blades
 * Level 3.3 Dodging
 + Level 10.8 Stealth
 - Level 2.0 Spellcasting
 - Level 5.3 Hexes
 - Level 1.2 Ice Magic


You had 2 spell levels left.
You knew the following spells:

 Your Spells              Type           Power        Failure   Level  Hunger
a - Corona                Hex            ###....      1%          1    ##.....
b - Ensorcelled Hibernat  Hex/Ice        #.....       4%          2    ###....
c - Confuse               Hex            ###.....     4%          3    ####...
d - Dazzling Spray        Conj/Hex       #.......     12%         3    ####...


Dungeon Overview and Level Annotations

Branches:
Dungeon (7/15)
 Temple: D:4-7

Altars:
Cheibriados
Elyvilon
Fedhas
Gozag
Trog

Shops:
D:4 (   D:5 *

Annotations:
D:6 Dowan, Duvessa


Innate Abilities, Weirdness & Mutations

You are small and have problems with some larger weapons.
You are carnivorous and can eat meat at any time.
You are partially covered in thin metallic scales (AC +2).
You are frail (-10% HP).
Your system is resistant to poisons.


Message History

Press: ? - help, Shift-Dir - straight line, f/p - centaur
Aim: a centaur, wielding a shortbow (chance 46%)
You miscast Confuse.
You are very lightly contaminated with residual magic.
Your hands glow momentarily.
The centaur shoots an arrow.
The arrow hits you.
Casting: Confuse
Confirm with . or Enter, or press ? or * to list all spells.
Aiming: Confuse
Press: ? - help, Shift-Dir - straight line, f/p - centaur
Aim: a centaur, wielding a shortbow (chance 46%)
The centaur resists with some effort.
The centaur shoots an arrow.
The arrow hits you.
The centaur shoots an arrow.
The arrow closely misses you.
Drink which item? (? for menu, Esc to quit)
You feel agile all of a sudden.
The centaur shoots an arrow.
The arrow misses you.
You see here an arrow.
The centaur shoots an arrow.
The arrow hits you!
* * * LOW HITPOINT WARNING * * *
The centaur shoots an arrow.
The arrow hits you.
You die...

###### ##.g....
############..c##
##
#.........((@...#
.#
#.##########....#
.# #.# ##.#.# .#
#.# .# # .# ##.##
.# .###...#### .#
.....#....# .#
.###...##.# .# .#
##.###†# ....


You could see a centaur and a hobgoblin.

Vanquished Creatures
  Grinder (D:5)
  An ice beast (D:7)
  A giant frog (D:6)
  A goliath beetle (D:7)
  3 hounds
  2 orc priests
  4 orc wizards
  2 worker ants
  A hound skeleton (D:5)
  3 gnolls (D:4)
  5 adders
  A giant mite (D:4)
  2 worms (D:3)
  An adder skeleton (D:4)
  An ooze (D:1)
  10 orcs
  A ball python (D:6)
  2 bat skeletons (D:4)
  A bat zombie (D:5)
  4 giant cockroaches
  7 goblins
  10 hobgoblins
  10 jackals
  7 kobolds
  A quokka (D:4)
  7 bats
  A giant cockroach zombie (D:6)
  2 giant geckos
  5 giant newts
  9 rats
106 creatures vanquished.

Notes
Turn   | Place    | Note
--------------------------------------------------------------
     0 | D:1      | Sorcv, the Kobold Enchanter, began the quest for the Orb.
     0 | D:1      | Reached XP level 1. HP: 10/10 MP: 3/3
   265 | D:1      | Reached XP level 2. HP: 13/15 MP: 4/4
   647 | D:2      | Learned a level 2 spell: Ensorcelled Hibernation
   663 | D:2      | Reached skill level 5 in Stealth
   663 | D:2      | Reached XP level 3. HP: 17/19 MP: 3/6
   990 | D:3      | Noticed a moth of wrath
   992 | D:3      | Found a bloodstained altar of Trog.
  1041 | D:3      | Reached skill level 6 in Stealth
  1077 | D:3      | Reached XP level 4. HP: 11/24 MP: 7/7
  1102 | D:2      | Found a snail-covered altar of Cheibriados.
  1232 | D:3      | Reached XP level 5. HP: 16/28 MP: 1/9
  1408 | D:4      | Reached skill level 7 in Stealth
  1575 | D:4      | Learned a level 3 spell: Confuse
  1579 | D:4      | Found Twily's Antique Weapon Boutique.
  1656 | D:4      | You fall through a shaft for 2 floors!
  1793 | D:6      | Noticed Duvessa
  1793 | D:6      | Noticed Dowan
  1863 | D:6      | Reached skill level 8 in Stealth
  1863 | D:6      | Reached XP level 6. HP: 30/32 MP: 10/10
  1908 | D:6      | Found a white marble altar of Elyvilon.
  2019 | D:7      | Noticed an ice beast
  2034 | D:7      | Killed an ice beast
  2046 | D:7      | Learned a level 3 spell: Dazzling Spray
  2054 | D:7      | Reached skill level 9 in Stealth
  2054 | D:7      | Reached XP level 7. HP: 21/36 MP: 12/12
  2185 | D:5      | Entered Level 5 of the Dungeon
  2191 | D:5      | Found a blossoming altar of Fedhas.
  2312 | D:5      | Noticed Grinder
  2319 | D:5      | Killed Grinder
  2319 | D:5      | Reached skill level 10 in Stealth
  2319 | D:5      | Reached skill level 5 in Hexes
  2352 | D:5      | Reached XP level 8. HP: 30/41 MP: 1/13
  2392 | D:4      | Bought a faintly glowing short sword for 216 gold pieces
  2392 | D:4      | Identified the +3 short sword of Fedhas' Esteem {drain, rPois rF+ rC- MP+9 Dex+7} (You bought it in a shop on level 4 of the Dungeon)
  2522 | D:4      | Reached skill level 1 in Ice Magic
  2701 | D:4      | Found an opulent altar of Gozag.
  2786 | D:5      | Found Pniutofa's Assorted Antiques.
  2795 | D:5      | Bought a scroll labeled BIMARGH ITOEMM for 26 gold pieces
  2795 | D:5      | Bought a scroll labeled WIUMOUT ZACORYNK for 26 gold pieces
  2798 | D:5      | Gained mutation: You are frail (-10% HP). [potion of mutation]
  2798 | D:5      | Gained mutation: You are partially covered in thin metallic scales (AC +2). [potion of mutation]
  2798 | D:5      | Gained mutation: Your system is resistant to poisons. [potion of mutation]
  3128 | D:5      | Shot with an arrow by a centaur

Action                   |  1- 3 |  4- 6 |  7- 9 || total
-------------------------+-------+-------+-------++-------
Melee: Dagger            |    69 |    81 |    28 ||   178
       Short sword       |       |       |    53 ||    53
 Cast: Ensorcelled Hiber |     1 |    12 |    17 ||    30
       Corona            |       |     1 |     1 ||     2
       Confuse           |       |     1 |     3 ||     4
Evoke: Wand              |       |     1 |       ||     1
  Use: Potion            |       |     4 |     2 ||     6
       Scroll            |       |     8 |     3 ||    11
 Stab: Sleeping          |    10 |    15 |    15 ||    40
       Confused          |       |     1 |       ||     1
       Distracted        |       |       |     1 ||     1
  Eat: Chunk             |     1 |     8 |     5 ||    14
